 Dungeon Crawl Stone Soup version 0.29-a0-553-g81b289dbe5 (webtiles) character file.

Game seed: 18210515456198293251

37 oldriver the Skirmisher (level 3, 0/31 HPs)
             Began as a Palentonga Delver on June 6, 2022.
             Slain by a hound (4 damage)
             ... on level 5 of the Dungeon.
             The game lasted 00:00:23 (216 turns).

oldriver the Skirmisher (Palentonga Delver)          Turns: 216, Time: 00:00:23

Health: 0/31       AC:  4    Str: 17    XL:     3   Next: 23%
Magic:  3/3        EV:  9    Int: 10    God:
Gold:   14         SH:  0    Dex: 11    Spells: 2/2 levels left

rFire   . . .      SeeInvis +   a - +0 hand axe
rCold   . . .      Faith    .   (no shield)
rNeg    . . .      Spirit   .   b - +0 leather armour
rPois   .          Reflect  .   (no helmet)
rElec   .          Harm     .   (no cloak)
rCorr   .          Rampage  .   (no gloves)
Will    .....                   (no barding)
Stlth   ++........              (no amulet)
HPRegen 0.10/turn               (no ring)
MPRegen 0.08/turn               (no ring)

@: no status effects
A: large, rugged brown scales 3, see invisible, deformed body, roll 1, armoured
tail
a: Rolling Charge


You were on level 5 of the Dungeon.
You visited 2 branches of the dungeon, and saw 2 of its levels.

You collected 14 gold pieces.

Inventory:

Hand Weapons
 a - a +0 hand axe (weapon)
Armour
 b - a +0 leather armour (worn)
Wands
 g - a wand of digging (3)
Scrolls
 c - a scroll of fog
 d - a scroll of magic mapping
 e - a scroll of fear


   Skills:
 + Level 3.4 Fighting
 * Level 3.2 Axes
 - Level 1.5 Dodging
 - Level 3.3 Stealth


You had 2 spell levels left.
You didn't know any spells.
Your spell library was empty.

Dungeon Overview and Level Annotations

Branches:
Dungeon (5/15)             Temple (1/1) D:5

Altars:
Ashenzari
Cheibriados
Dithmenos
Hepliaklqana
Kikubaaqudgha
Makhleb
Qazlal
Ru
Trog
Zin


Innate Abilities, Weirdness & Mutations

You are completely covered in rugged brown scales. (AC +3, +7% HP)
You have supernaturally acute eyesight. (SInv)
Armour fits poorly on your strangely shaped body.
You can roll at nearby foes to attack.
You have a long armoured tail.


Message History

Your extra speed is starting to run out.
You start resting.
You feel yourself slow down.
You start resting.
A hound comes into view.
A hound is nearby!
You roll forward with a clatter of scales!
The hound barks!
You closely miss the hound. You tail-slap the hound!
The hound is heavily wounded.
The hound barely misses you.
You hit the hound.
The hound is almost dead.
The hound closely misses you. The hound bites you.
You completely miss the hound.
The hound is almost dead.
The hound bites you. x2
You miss the hound.
The hound is almost dead.
The hound bites you but does no damage. The hound bites you.
You miss the hound.
The hound is almost dead.
The hound closely misses you.
You miss the hound.
The hound is almost dead.
The hound closely misses you. x2
You hit the hound but do no damage.
The hound is almost dead.
The hound bites you.
* * * LOW HITPOINT WARNING * * *
The hound bites you.
* * * LOW HITPOINT WARNING * * *
Unknown command.
You barely miss the hound.
The hound is almost dead.
The hound barely misses you.
You closely miss the hound.
The hound is almost dead.
The hound misses you. The hound bites you.
You die...

##.#.###...#.#.#.#.#
#.#.###.#..#.#.#..#
#.#..##.#...#.#...#
#.##.##...........#
#............######
#.......######
##.#.##.# #..†##.#
#@####.# #h# #.# #..
..# #.## ### #.# ..#
###


You could see a hound.

Vanquished Creatures
  A howler monkey (D:5)
1 creature vanquished.

Notes
Turn   | Place    | Note
-------+----------+-------------------------------------------
     0 | D:5      | oldriver the Palentonga Delver began the quest for the Orb.
     0 | D:5      | Reached XP level 1. HP: 19/19 MP: 1/1
     3 | D:5      | Found a staircase to the Ecumenical Temple.
    12 | Temple   | Entered the Ecumenical Temple
   108 | D:5      | Noticed a howler monkey
   119 | D:5      | Killed a howler monkey
   120 | D:5      | Reached XP level 2. HP: 10/25 MP: 2/2
   120 | D:5      | Reached XP level 3. HP: 13/31 MP: 3/3
   216 | D:5      | Slain by a hound

Illustrated notes

Levels and vault maps discovered:
D:5:      layout_loops_cross, elyvilon_altar_3,
          mainiacjoe_overflow_six_doors_small, minmay_temple_entry_grid,
          uniq_duvessa
Temple:   cyrus_temple_forest

Skill      XL: |  1 |
---------------+----+-----
Axes           | 3 |  3.2
Fighting       | |  3.4
Dodging        | |  1.5
Stealth        | |  3.3

Action                   || total
-------------------------++-------
Melee: Hand axe          ||    18
       Tailslap          ||     2
 Abil: Rolling Charge    ||     1
  Use: Potion            ||     1
Armor: Leather armour    ||     4
Dodge: Dodged            ||     8

Table legend: (Time is in decaauts)
 A = Elapsed time spent in this place.
 B = Non-inter-level travel time spent in this place.
 C = Inter-level travel time spent in this place.
 D = Time resting spent in this place.
 E = Time spent auto-exploring this place.
 F = Levels seen in this place.
 G = Mean time per level.
                   A        B        C        D        E       F      G
               +--------+--------+--------+--------+--------+-----+--------+
         Total |    202 |    160 |     42 |     74 |     40 |   2 |  101.0 |
       Dungeon |    114 |    113 |      1 |     74 |      0 |   1 |  114.0 |
        Temple |     87 |     46 |     41 |      0 |     40 |   1 |   87.0 |
               +--------+--------+--------+--------+--------+-----+--------+

Top non-repeatable levels by time:
     D:5: 114 daAuts
  Temple: 87 daAuts
